AoeStats
← Workflow Wizard

Four Lakes

509816917Analyzed
1v1 RM · 5d ago on Sep 28, 2026· 23m 50s· 2 players
Game mode
Random Map
Map size
Tiny (2 player)
Population
200
Speed
Normal
Resources
Standard
Victory
Conquest
Starting age
Dark Age
Ending age
Imperial Age
RankedLock teamsTeams togetherTeam positionsShared explorationLock speedFull tech treeHidden civsTurbo modeCheats
Victory
Defeat
🇨🇴 Lithuanians · Colombia
482
+16
🇺🇸 Cumans · United States
484
-16
Workflow Wizard
0:54 Loom
10:28 Feudal Age
11:04 Double-Bit Axe
11:07 Town Watch
12:16 Horse Collar
15:50 Wheelbarrow
15:54 Bloodlines
18:03 Scale Barding Armor
18:09 Forging
21:50 Gold Mining
26:04 Castle Age
HersheysMom
6:11 Loom
11:20 Feudal Age
17:54 Fishing Lines
20:33 Double-Bit Axe
20:31 Horse Collar
21:34 Wheelbarrow
21:59 Bloodlines
Connection lost

Rejoining the realm…

Still unreachable

The connection could not be restored.

Session expired

The server has moved on; the page needs a fresh start.